 Dungeon Crawl Stone Soup version 0.16.2-2-g470672f (webtiles) character file.

3525 the1qrp the Blocker (level 10, -2/80 HPs)
             Began as a Formicid Fighter on Aug 28, 2015.
             Was a Believer of the Shining One.
             Slain by a killer bee (4 damage)
             ... on level 9 of the Dungeon.
             The game lasted 01:07:53 (9996 turns).

the1qrp the Blocker (Formicid Fighter)              Turns: 9996, Time: 01:07:53

Health: -2/80      AC: 15    Str: 24    XL:     10   Next: 29%
Magic:  0/13       EV:  7    Int: 13    God:    the Shining One [**....]
Gold:   457        SH: 13    Dex: 10    Spells: 1 memorised, 4 levels left

rFire  + . .     SeeInvis +     p - +0 battleaxe
rCold  + . .     Clarity  .     u - +1 plate armour
rNeg   + . .     SustAb   .     c - +1 shield
rPois  .         Gourm    .     (helmet unavailable)
rElec  .         Spirit   +     l - +0 cloak
rCorr  .         Warding  .     (no gloves)
rMut   .         Stasis   +     (no boots)
MR     +....                    H - amulet of guardian spirit
Stlth  ..........               D - ring of protection from fire
                                y - ring of protection from cold

@: brilliant, lethally poisoned (-2 -> -24), glowing, somewhat resistant to
hostile enchantments, extremely unstealthy
A: permanent stasis, dig shafts and tunnels, four strong arms, antennae 3
a: Dig, Shaft Self, Divine Shield, Renounce Religion


You were on level 9 of the Dungeon.
You worshipped the Shining One.
The Shining One was pleased with you.
You were not hungry.

You visited 2 branches of the dungeon, and saw 10 of its levels.

You collected 457 gold pieces.

Inventory:

Hand weapons
 a - a +0 war axe
 e - a +0 hammer
 j - a cursed +0 hand axe
 k - a +3 quarterstaff of chaos
 p - a +0 battleaxe (weapon)
 v - a +0 broad axe
Armour
 b - a +0 scale mail
 c - a +1 shield (worn)
 l - a +0 cloak (worn)
 s - a +4 ring mail
 u - a +1 plate armour (worn)
Jewellery
 f - an uncursed ring of fire
 h - a +4 ring of dexterity
 n - a -2 ring of dexterity
 y - a ring of protection from cold (left hand)
 D - a ring of protection from fire (right hand)
 H - an amulet of guardian spirit (around neck)
Magical devices
 r - a wand of fire (12)
 z - a wand of frost (33)
 A - a wand of enslavement (16)
 B - a wand of fire (5)
 F - a wand of digging (13)
Scrolls
 q - a scroll of remove curse
 t - 2 scrolls of magic mapping
 E - 2 scrolls of recharging
 I - 3 scrolls of identify
 O - a scroll of immolation {unknown}
Potions
 g - 3 potions of brilliance
 i - 3 potions of mutation
 m - a potion of berserk rage {unknown}
 o - 3 potions of curing
 w - a potion of ambrosia {unknown}
 x - 3 potions of poison
 C - a potion of might
 G - 2 potions of agility {unknown}
 L - 2 potions of heal wounds
 N - a potion of cancellation {unknown}
 R - a potion of restore abilities {unknown}
Books
 M - a book of the Earth

   Spells                             Type                      Level
   a - Leda's Liquefaction            Hexes/Earth                  4
   b - Bolt of Magma                  Conjuration/Fire/Earth       5
   c - Statue Form                    Transmutation/Earth          6
   d - Iron Shot                      Conjuration/Earth            6
   e - Shatter                        Earth                        9
Comestibles
 d - 4 bread rations
 J - 8 fruits
 K - 11 royal jellies
 P - a slice of pizza
 Q - a beef jerky


   Skills:
 * Level 7.9 Fighting
 * Level 7.9 Axes
 * Level 7.1 Armour
 + Level 2.3 Dodging
 + Level 1.1 Stealth
 * Level 9.5 Shields
 + Level 0.4 Spellcasting
 + Level 0.2 Fire Magic


You had 4 spell levels left.
You knew the following spells:

 Your Spells              Type           Power        Failure   Level  Hunger
a - Bolt of Magma         Conj/Fire/Erth #.........   100%        5    ######.


Dungeon Overview and Level Annotations

Branches:
Dungeon (9/15)             Temple (1/1) D:5
   Lair: D:8-11         Orc: D:9-12

Altars:
Ashenzari
Cheibriados
Dithmenos
Elyvilon
Fedhas
Gozag
Kikubaaqudgha
Makhleb
Nemelex Xobeh
Okawaru
Qazlal
Ru
Sif Muna
Trog
Xom
Yredelemnul
Zin
The Shining One


Innate Abilities, Weirdness & Mutations

You are under a permanent stasis effect.
You can dig through walls and to a lower floor.
Your four strong arms can wield two-handed weapons with a shield.
You have a pair of large antennae on your head (SInv).


Message History

The killer bee is heavily wounded.
You barely miss the killer bee.
The killer bee is almost dead.
You slash the killer bee!
The killer bee is severely wounded.
You closely miss the killer bee.
The killer bee is heavily wounded.
* * * LOW HITPOINT WARNING * * *
You feel very sick.
The killer bee stings you but does no damage.
You block the killer bee's attack. The killer bee barely misses you.
You block the killer bee's attack. The killer bee stings you.
* * * LOW HITPOINT WARNING * * *
The killer bee closely misses you. You block the killer bee's attack.
The troll bites you!
* * * LOW HITPOINT WARNING * * *
You block the troll's attack. The troll claws you but does no damage.
The killer bee stings you but does no damage. x3
The killer bee stings you.
You die...

#####...##....#...
..............+....##
..............#......
........##....##....
...##...##....##...# ..
##'##...#.....##...##...
........+......#........
...##...##.....#Ty.......
...##'####.....'@y.......
...............#yy.......
...##...##....##........
...##...##....##........
...'.....#+##...........
...##...## ###........
...####'# .......
....#...# ##..<..
....#...#### #..


You could see a troll and 4 killer bees.

Vanquished Creatures
  2 hippogriffs (D:8)
  A hungry ghost (D:7)
  Menkaure (D:7)
  A water moccasin (D:9)
  4 ice beasts
  An orc warrior (D:7)
  2 centaurs (D:5)
  A big kobold (D:7)
  4 ogres
  4 giant frogs
  A wyvern skeleton (D:6)
  A scorpion (D:4)
  A killer bee (D:9)
  4 crimson imps
  3 jellies (D:9)
  3 orc priests
  A quasit (D:8)
  Crazy Yiuf (D:3)
  A giant frog skeleton (D:6)
  A centaur skeleton (D:5)
  A centaur zombie (D:7)
  5 hounds
  7 orc wizards
  3 iguanas
  8 worker ants
  Jessica (D:2)
  A hound zombie (D:8)
  A worker ant zombie (D:6)
  14 adders
  A shadow imp (D:8)
  2 giant mites
  6 worms
  2 adder zombies (D:6)
  2 adder skeletons
  7 oozes
  19 orcs
  3 ball pythons
  4 giant cockroaches
  24 hobgoblins
  16 jackals
  18 kobolds
  3 quokkas
  18 bats
  6 giant geckos
  3 giant newts
  16 goblins
  A quokka skeleton (D:6)
  13 rats
  2 ballistomycetes (D:7)
245 creatures vanquished.

Vanquished Creatures (others)
  An iguana (D:7)
  6 giant spores
  A ballistomycete (D:7)
8 creatures vanquished.

Grand Total: 253 creatures vanquished

Notes
Turn   | Place    | Note
--------------------------------------------------------------
     0 | D:1      | the1qrp, the Formicid Fighter, began the quest for the Orb.
     0 | D:1      | Reached XP level 1. HP: 18/18 MP: 1/1
   318 | D:1      | Reached XP level 2. HP: 20/24 MP: 3/3
   335 | D:1      | Reached skill level 4 in Shields
   999 | D:1      | Reached XP level 3. HP: 19/29 MP: 4/4
  1415 | D:2      | Noticed Jessica
  1426 | D:2      | Killed Jessica
  1426 | D:2      | Reached XP level 4. HP: 24/37 MP: 5/5
  1675 | D:2      | Reached skill level 1 in Dodging
  1913 | D:2      | Reached XP level 5. HP: 40/42 MP: 7/7
  2053 | D:2      | Found a glowing golden altar of the Shining One.
  2063 | D:2      | Became a worshipper of the Shining One
  2462 | D:3      | Noticed Crazy Yiuf
  2467 | D:3      | Killed Crazy Yiuf
  3070 | D:4      | Reached XP level 6. HP: 37/48 MP: 8/8
  4561 | D:5      | Entered Level 5 of the Dungeon
  4612 | D:5      | Found a staircase to the Ecumenical Temple.
  4626 | D:5      | Reached skill level 5 in Shields
  4633 | D:5      | Reached XP level 7. HP: 48/55 MP: 9/9
  4647 | D:5      | Reached skill level 5 in Armour
  4808 | Temple   | Entered the Ecumenical Temple
  5571 | D:5      | Found a white marble altar of Elyvilon.
  5680 | D:5      | Found a deep blue altar of Sif Muna.
  6092 | D:5      | Reached skill level 5 in Fighting
  6092 | D:5      | Reached skill level 6 in Shields
  6311 | D:6      | Reached skill level 1 in Stealth
  6395 | D:6      | Reached XP level 8. HP: 33/62 MP: 11/11
  6597 | D:6      | Acquired the Shining One's first power
  6654 | D:6      | Reached skill level 7 in Shields
  6866 | D:6      | Found a shattered altar of Ashenzari.
  6880 | D:6      | Reached skill level 5 in Axes
  7142 | D:6      | Found a glowing silver altar of Zin.
  7142 | D:6      | Noticed an angel
  7755 | D:7      | Reached XP level 9. HP: 69/69 MP: 12/12
  7756 | D:7      | Noticed Menkaure
  7765 | D:7      | Killed Menkaure
  7946 | D:7      | Reached skill level 8 in Shields
  8030 | D:7      | Identified Miap's Reference Book on Evil Secrets
  8128 | D:7      | Acquired the Shining One's second power
  8243 | D:7      | Learned a level 5 spell: Bolt of Magma
  9258 | D:8      | Reached skill level 9 in Shields
  9258 | D:8      | Reached XP level 10. HP: 74/79 MP: 11/13
  9996 | D:9      | HP: 2/80 [troll (9)]
  9996 | D:9      | Slain by a killer bee

Action                   |  1- 3 |  4- 6 |  7- 9 | 10-12 || total
-------------------------+-------+-------+-------+-------++-------
Melee: War axe           |    88 |    62 |       |       ||   150
       Battleaxe         |       |   200 |   323 |    95 ||   618
 Abil: Dig               |     5 |     2 |     3 |       ||    10
  Use: Scroll            |     5 |     4 |     8 |       ||    17
       Potion            |     2 |     2 |     1 |     2 ||     7
  Eat: Meat ration       |     1 |     2 |       |     1 ||     4
       Pizza             |       |     1 |       |       ||     1
       Bread ration      |       |       |     3 |       ||     3
